 Dungeon Crawl Stone Soup version 0.28-a0-577-gb193047a1f (webtiles) character file.

Game seed: 16848771215970280070

43 iamoutofideas the Skirmisher (level 3, -4/33 HPs)
             Began as a Hill Orc Fighter on Oct 2, 2021.
             Slain by a gnoll (13 damage)
             ... on level 2 of the Dungeon.
             The game lasted 00:00:40 (855 turns).

iamoutofideas the Skirmisher (Hill Orc Fighter)      Turns: 855, Time: 00:00:41

Health: -4/33      AC:  7    Str: 19    XL:     3   Next: 58%
Magic:  3/3        EV:  9    Int:  8    God:
Gold:   44         SH:  4    Dex: 10    Spells: 2/2 levels left

rFire   . . .      SeeInvis .   a - +0 war axe
rCold   . . .      Faith    .   c - +0 buckler
rNeg    . . .      Spirit   .   b - +0 scale mail
rPois   .          Reflect  .   (no helmet)
rElec   .          Harm     .   (no cloak)
rCorr   .          Rampage  .   (no gloves)
Will    .....                   (no boots)
Stlth   ..........              (no amulet)
HPRegen 0.11/turn               (no ring)
MPRegen 0.08/turn               (no ring)

@: no status effects
A: no striking features
a: no special abilities


You were on level 2 of the Dungeon.
You visited 1 branch of the dungeon, and saw 2 of its levels.

You collected 44 gold pieces.

Inventory:

Hand Weapons
 a - a +0 war axe (weapon)
Armour
 b - a +0 scale mail (worn)
 c - a +0 buckler (worn)
Scrolls
 f - 2 scrolls of identify {unknown}
 h - a scroll of blinking {unknown}
Potions
 d - a potion of might
 e - a potion of lignification {unknown}
 g - 2 potions of curing {unknown}


   Skills:
 + Level 4.2 Fighting
 + Level 3.6 Axes
 + Level 3.8 Armour
 + Level 3.5 Shields


You had 2 spell levels left.
You didn't know any spells.
Your spell library was empty.

Dungeon Overview and Level Annotations

Branches:
Dungeon (2/15)

Altars:


Message History

The gnoll is almost dead.
A gnoll comes into view. It is wielding a +0 whip.
The gnoll hits you with a +0 flail.
The gnoll shouts!
You slash the gnoll!
You kill the gnoll!
You hear an angry hiss.
You have reached level 3!
Your experience leads to an increase in your attributes!
Increase (S)trength, (I)ntelligence, or (D)exterity?
You feel stronger.
You slash the endoplasm!
You kill the endoplasm!
A gnoll comes into view. It is wielding a +0 halberd.
The gnoll shouts!
You see here a +0 flail.
You hit the gnoll.
The gnoll is lightly wounded.
You block the gnoll's attack. The gnoll barely misses you.
You slash the gnoll!
You kill the gnoll!
A ball python comes into view.
The gnoll hits you from afar with a +0 halberd!
The gnoll hits you with a +0 halberd!
* * * LOW HITPOINT WARNING * * *
You are too injured to fight recklessly!
You are too injured to fight recklessly!
You are too injured to fight recklessly!
You are too injured to fight recklessly!
You are too injured to fight recklessly!
You are too injured to fight recklessly!
You are too injured to fight recklessly!
You are too injured to fight recklessly!
You are too injured to fight recklessly!
You are too injured to fight recklessly!
You are too injured to fight recklessly!
You are too injured to fight recklessly!
You are too injured to fight recklessly!
The gnoll hits you from afar with a +0 halberd!
You die...

.........#.# #.#
#.#...)..<# #.#
...........# #.#
##.#......## #.#
#..###.## #.#
##.####.## ...
#.......# ..#
##)####..#
.....###)@.###..#
#............#
#.....g.####.#
###.##S.# ...
...# ### .#.# ..
.# .. .# #.. ..


You could see a gnoll and a ball python.

Vanquished Creatures
  2 gnolls (D:2)
  2 dart slugs (D:1)
  4 endoplasms
  3 goblins (D:1)
  A kobold (D:2)
  2 ball pythons (D:1)
  2 bats (D:1)
  2 frilled lizards (D:1)
  3 rats (D:1)
21 creatures vanquished.

Vanquished Creatures (others)
  2 fungi (D:1)
2 creatures vanquished.

Grand Total: 23 creatures vanquished

Notes
Turn   | Place    | Note
-------+----------+-------------------------------------------
     0 | D:1      | iamoutofideas the Hill Orc Fighter began the quest for the
                  | Orb.
     0 | D:1      | Reached XP level 1. HP: 19/19 MP: 1/1
   155 | D:1      | Found a faded altar of an unknown god.
   166 | D:1      | Reached XP level 2. HP: 27/27 MP: 2/2
   628 | D:1      | Reached skill level 4 in Fighting
   849 | D:2      | Reached XP level 3. HP: 26/33 MP: 3/3
   855 | D:2      | Slain by a gnoll

Illustrated notes

Levels and vault maps discovered:
D:1:      ncdulo_smallfort, layout_basic, dreamdust_ecumenical_altar_grove,
          chequers_arboretum
D:2:      minmay_evil_eye, layout_loops_ring

Skill      XL: |  1  2 |
---------------+-------+-----
Axes           | 3 |  3.6
Fighting       | 4 |  4.2
Armour         | |  3.8
Shields        | |  3.5

Action                   || total
-------------------------++-------
Melee: War axe           ||    52
Armor: Scale mail        ||    21
Dodge: Dodged            ||    21
Block: Buckler           ||    11

Table legend: (Time is in decaauts)
 A = Elapsed time spent in this place.
 B = Non-inter-level travel time spent in this place.
 C = Inter-level travel time spent in this place.
 D = Time resting spent in this place.
 E = Time spent auto-exploring this place.
 F = Levels seen in this place.
 G = Mean time per level.
                   A        B        C        D        E       F      G
               +--------+--------+--------+--------+--------+-----+--------+
         Total |    873 |    860 |     13 |      0 |    722 |   2 |  436.5 |
       Dungeon |    873 |    860 |     13 |      0 |    722 |   2 |  436.5 |
               +--------+--------+--------+--------+--------+-----+--------+

Top non-repeatable levels by time:
     D:1: 797 daAuts
     D:2: 76 daAuts
